 Dungeon Crawl Stone Soup version 0.30.0-29-ga12c61a403 (webtiles) character file.

Game seed: 15694647836886497800

32 McKennaii the Trooper (level 3, 19/29 HPs)
             Began as a Demonspawn Fighter on June 5, 2023.
             Quit the game on level 2 of the Dungeon.
             The game lasted 00:00:27 (901 turns).

McKennaii the Trooper (Demonspawn Fighter)           Turns: 901, Time: 00:00:27

Health: 19/29      AC:  6    Str: 18    XL:     3   Next: 8%
Magic:  3/3        EV:  9    Int:  9    God:
Gold:   39         SH:  4    Dex: 12    Spells: 2/2 levels left

rFire   . . .        a - +0 trident
rCold   . . .        c - +0 buckler
rNeg    . . .        b - +0 scale mail
rPois   .            (no helmet)
rElec   .            (no cloak)
rCorr   .            (no gloves)
SInv    .            (no boots)
Will    .....        (no amulet) Stlth
                     (no ring)
HPRegen 0.24/turn    (no ring)
MPRegen 0.08/turn

%: no passive effects
@: quite poisoned (19 -> 12)
A: demonic guardian 1, demonic touch 1
a: no special abilities


You were on level 2 of the Dungeon.
You visited 1 branch of the dungeon, and saw 2 of its levels.

You collected 39 gold pieces.

Inventory:

Hand Weapons
 a - a +0 trident (weapon)
Armour
 b - a +0 scale mail (worn)
 c - a +0 buckler (worn)
Scrolls
 e - 3 scrolls of identify {unknown}
 h - a scroll of brand weapon {unknown}
Potions
 d - a potion of might
 f - a potion of flight {unknown}
 g - a potion of heal wounds {unknown}
 i - a potion of resistance {unknown}


   Skills:
 + Level 3.3 Fighting
 + Level 2.2 Polearms
 + Level 3.0 Armour
 + Level 3.0 Shields


You had 2 spell levels left.
You didn't know any spells.
Your spell library was empty.

Dungeon Overview and Level Annotations

Branches:
Dungeon (2/15)

Altars:


Innate Abilities, Weirdness & Mutations

A weak demonic guardian rushes to your aid.
Your touch may inflict minor irresistible damage on your foes.


Message History

There are monsters nearby!
The bat closely misses you.
There is an open door here.
There are monsters nearby!
You puncture the bat!
You kill the bat!
You puncture the goblin!
You kill the goblin!
No target in view!
No target in view!
No target in view!
No target in view!
Found an escape hatch in the floor.
You see here a +0 dagger.
Key pressed, stopping explore.
No target in view!
An adder comes into view.
The adder hisses angrily.
An adder is nearby!
You closely miss the adder. The adder barely misses you.
You hit the adder but do no damage. The adder bites you but does no damage.
You block the adder's attack.
You barely miss the adder. The adder bites you.
You are poisoned.
The adder poisons you!
You closely miss the adder.
You feel sick. The adder bites you.
You are more poisoned.
The adder poisons you! The adder barely misses you.
You puncture the adder!
You kill the adder!
You feel very sick.
Your Shields skill increases to level 3!
You have reached level 3!
Your experience leads to an increase in your attributes!
Increase (S)trength, (I)ntelligence, or (D)exterity?
You feel stronger. x2
You feel monstrous as your demonic heritage exerts itself.
Your demonic ancestry asserts itself...
Your hands begin to faintly glow with unholy energy.
Are you sure you want to abandon this character and quit the game? (Confirm with "yes".)

##....<..### ....
#......†..## ...
+.........') ...
#....>....## #..
##.......### #.#
##.....## #.# ##...##
#$# ##+##
#@#########.#
##.#.......#.#
##..........#.##
#......###.....####
#.......# #........##
##......###.....##...
##..........#.######
##.#.......###
###########


There were no monsters in sight!

Vanquished Creatures
  An adder (D:2)
  A worm (D:2)
  2 bats
  3 endoplasms (D:1)
  3 goblins
  3 hobgoblins (D:1)
  A quokka (D:1)
  2 frilled lizards (D:1)
  A kobold (D:1)
  2 rats (D:1)
19 creatures vanquished.

Notes
Turn   | Place    | Note
-------+----------+-------------------------------------------
     0 | D:1      | McKennaii the Demonspawn Fighter began the quest for the
                  | Orb.
     0 | D:1      | Reached XP level 1. HP: 18/18 MP: 1/1
   353 | D:1      | Gained mutation: A weak demonic guardian rushes to your
                  | aid. [demonic ancestry]
   353 | D:1      | Reached XP level 2. HP: 23/24 MP: 2/2
   540 | D:1      | Found a faded altar of an unknown god.
   901 | D:2      | Discovered your monstrous ancestry.
   901 | D:2      | Gained mutation: Your touch may inflict minor irresistible
                  | damage on your foes. [demonic ancestry]
   901 | D:2      | Reached XP level 3. HP: 19/29 MP: 3/3
   901 | D:2      | Quit the game

Illustrated notes

Levels and vault maps discovered:
D:1:      lemuel_arrival_broad_hall, layout_basic,
          shapermc_ecumenical_altar_petra
D:2:      layout_loops_corners, serial_glass, glass_columns_a, glass_columns_c,
          patterned_corridor

Skill      XL: |  1  2 |
---------------+-------+-----
Polearms       | 2 |  2.2
Armour         | 3 |  3.0
Shields        | 3 |  3.0
Fighting       | |  3.3

Action                     || total
---------------------------++-------
  Melee: Trident           ||    48
 Armour: Scale mail        ||    10
  Dodge: Dodged            ||     9
  Block: Buckler           ||     5
